 Dungeon Crawl Stone Soup version 0.30-a0-778-g2ef04afb54 (webtiles) character file.

Game seed: 16377132323183623490

60 Esekla the Sneak (level 4, 31/31 HPs)
             Began as an Octopode Delver on Feb 15, 2023.
             Quit the game on level 5 of the Dungeon.
             The game lasted 00:03:50 (412 turns).

Esekla the Sneak (Octopode Delver)                   Turns: 412, Time: 00:03:51

Health: 31/31      AC:  1    Str: 11    XL:     4   Next: 4%
Magic:  5/5        EV: 13    Int: 14    God:
Gold:   59         SH:  0    Dex: 13    Spells: 4/4 levels left

rFire   . . .      SeeInvis .    a - +0 falchion
rCold   . . .      Faith    .    (no shield)
rNeg    . . .      Spirit   .    (helmet restricted)
rPois   .          Reflect  .    (no amulet)
rElec   .          Harm     .    (no ring)
rCorr   .          Rampage  .    (no ring)
Will    .....                    (no ring)
Stlth   ++++                     (no ring)
HPRegen 0.25/turn                (no ring)
MPRegen 0.09/turn                (no ring)
                                 (no ring)
                                 (no ring)

@: no status effects
A: almost no armour, amphibious, 8 rings, camouflage 1, gelatinous body 1,
(nimble swimmer 1), tentacles
a: no special abilities


You were on level 5 of the Dungeon.
You visited 2 branches of the dungeon, and saw 2 of its levels.

You collected 59 gold pieces.

Inventory:

Hand Weapons
 a - a +0 falchion (weapon)
Wands
 f - a wand of digging (2)
Scrolls
 b - 2 scrolls of fog
 c - a scroll of magic mapping
 g - a scroll of amnesia {unknown}
Potions
 d - a potion of heal wounds {unknown}
 e - a potion of haste
 i - a potion of might {unknown}
 j - a potion of curing {unknown}


   Skills:
 * Level 3.4 Fighting
 * Level 2.4 Long Blades
 * Level 2.4 Dodging
 + Level 7.3 Stealth
 * Level 0.9 Spellcasting


You had 4 spell levels left.
You didn't know any spells.
Your spell library was empty.

Dungeon Overview and Level Annotations

Branches:
Dungeon (5/15)             Temple (1/1) D:5

Altars:
Ashenzari
Fedhas
Kikubaaqudgha
Makhleb
Okawaru
Qazlal
Ru
Sif Muna
Uskayaw
Vehumet
Yredelemnul
Zin
Lugonu


Innate Abilities, Weirdness & Mutations

You cannot wear most types of armour.
You are amphibious.
You can wear up to eight rings at the same time.
Your skin changes colour to match your surroundings (Stealth+).
Your rubbery body absorbs attacks. (AC +1, EV +1)
((You are camouflaged when in or above water. (Stealth+)))
You have tentacles for arms and can constrict up to eight enemies at once.


Message History

The necrophage is severely damaged.
You constrict the necrophage. The necrophage completely misses you.
You hit the necrophage.
The necrophage is almost destroyed.
You constrict the necrophage.
You destroy the necrophage!
Your Stealth skill increases to level 7!
You have reached level 2!
You have reached level 3!
Your experience leads to an increase in your attributes!
Increase (S)trength, (I)ntelligence, or (D)exterity?
You feel clever. x2
You have reached level 4!
You start resting.
Magic restored.
You start resting.
HP restored.
You see here a necrophage corpse.
You now have 42 gold pieces (gained 14).
Found a golden potion and a scroll of fog.
Found 17 gold pieces.
An iguana comes into view.
You see here a scroll of fog.
b - 2 scrolls of fog (gained 1)
The iguana hisses angrily.
You hear a shout!
An ogre comes into view. It is wielding a +0 giant spiked club.
As you read the scroll of fear, it crumbles to dust.
You assume a fearsome visage.
The ogre looks frightened!
The iguana looks frightened!
The ogre prays for help.
You see here 17 gold pieces.
You now have 59 gold pieces (gained 17).
d - a golden potion A scorpion comes into view.
Found a hide-covered altar of Uskayaw.
Found a basalt altar of Yredelemnul and a burning altar of Makhleb.
Found a shimmering blue altar of Sif Muna.
Found a blossoming altar of Fedhas.
Found a falchion.
Are you sure you want to abandon this character and quit the game? (Confirm with "yes".)

...........#,,,,,,,*,,*
########.#.#......^#..*
#...#.......#..*
#.#.#..._...^.,*
#.#.#.).....#,**
#.#.#.......#,*
#.#.#,.....,*,*
#.#.####^####.#
#.#......@....#
#........######
##########


There were no monsters in sight!

Vanquished Creatures
  A necrophage (D:5)
  A quokka (D:5)
2 creatures vanquished.

Notes
Turn   | Place    | Note
-------+----------+-------------------------------------------
     0 | D:5      | Esekla the Octopode Delver began the quest for the Orb.
     0 | D:5      | Reached XP level 1. HP: 16/16 MP: 1/1
    53 | D:5      | Noticed an orc priest
    80 | D:5      | Found a staircase to the Ecumenical Temple.
    81 | D:5      | Identified the +0 rapier "Icudeac" {elec, Drain Str+5}
    91 | Temple   | Entered the Ecumenical Temple
   134 | D:5      | Noticed a necrophage
   211 | D:5      | Killed a necrophage
   212 | D:5      | Reached skill level 7 in Stealth
   212 | D:5      | Reached XP level 2. HP: 7/21 MP: 1/3
   212 | D:5      | Reached XP level 3. HP: 9/26 MP: 1/4
   212 | D:5      | Reached XP level 4. HP: 11/31 MP: 1/5
   331 | D:5      | Noticed an ogre
   353 | D:5      | Noticed a scorpion
   355 | D:5      | Found a hide-covered altar of Uskayaw.
   357 | D:5      | Found a basalt altar of Yredelemnul.
   357 | D:5      | Found a burning altar of Makhleb.
   358 | D:5      | Found a shimmering blue altar of Sif Muna.
   409 | D:5      | Found a blossoming altar of Fedhas.
   412 | D:5      | Quit the game

Illustrated notes

Levels and vault maps discovered:
D:5:      layout_basic, minitemple, lemuel_tele_altar,
          minmay_temple_entry_antechambers, hangedman_minor_gate_pass
Temple:   corrupted_temple

Skill      XL: |  1 |
---------------+----+-----
Stealth        | 7 |  7.3
Fighting       | |  3.4
Long Blades    | |  2.4
Dodging        | |  2.4
Spellcasting   | |  0.9

Action                     |  1- 3 |  4- 6 || total
---------------------------+-------+-------++-------
  Melee: Falchion          |     7 |       ||     7
         Constrict         |     1 |       ||     1
  Evoke: Wand              |     1 |       ||     1
    Use: Scroll            |     1 |     1 ||     2
   Stab: Sleeping          |     1 |       ||     1
 Armour: Skin              |     1 |       ||     1
  Dodge: Dodged            |     3 |       ||     3

Table legend: (Time is in decaauts)
 A = Elapsed time spent in this place.
 B = Non-inter-level travel time spent in this place.
 C = Inter-level travel time spent in this place.
 D = Time resting spent in this place.
 E = Time spent auto-exploring this place.
 F = Levels seen in this place.
 G = Mean time per level.
                   A        B        C        D        E       F      G
               +--------+--------+--------+--------+--------+-----+--------+
         Total |    413 |    402 |     11 |     80 |      4 |   2 |  206.5 |
       Dungeon |    382 |    381 |      1 |     80 |      0 |   1 |  382.0 |
        Temple |     30 |     20 |     10 |      0 |      4 |   1 |   30.0 |
               +--------+--------+--------+--------+--------+-----+--------+

Top non-repeatable levels by time:
     D:5: 382 daAuts
  Temple: 30 daAuts
